 Dungeon Crawl Stone Soup version 0.20.0-15-g7f486f2 (webtiles) character file.

6975 spacegravy the Cleaver (level 10, -3/92 (93) HPs)
             Began as a Minotaur Berserker on June 11, 2017.
             Was a High Priest of Trog.
             Slain by a gnoll shaman
             ... wielding a +0 whip of electrocution
              (19 damage)
             ... on level 8 of the Dungeon.
             The game lasted 00:30:50 (8393 turns).

spacegravy the Cleaver (Minotaur Berserker)         Turns: 8393, Time: 00:30:51

HP:   -3/92 (93)    AC: 14    Str: 25    XL:     10   Next: 81%
MP:   18/18         EV: 12    Int:  4    God:    Trog [*****.]
Gold: 467           SH:  0    Dex: 10    Spells: 9/9 levels left

rFire    + . .     SeeInvis .   a - +0 hand axe
rCold    . . .     Gourm    .   (no shield)
rNeg     . . .     Faith    .   v - +0 chain mail {rF+}
rPois    .         Spirit   .   (helmet restricted)
rElec    .         Reflect  .   x - +0 cloak (curse)
rCorr    .         Harm     .   (no gloves)
MR       +++..                  y - +0 pair of boots
Stlth    ..........             (no amulet)
Regen    1.3/turn               m - ring of magical power
MPRegen  0.2/turn               n - ring of protection from magic

@: berserk cooldown, regenerating
A: retaliatory headbutt, horns 2
a: Berserk, Trog's Hand, Brothers in Arms, Burn Spellbooks, Renounce Religion


You were on level 8 of the Dungeon.
You worshipped Trog.
Trog was extremely pleased with you.
You were near starving.

You visited 2 branches of the dungeon, and saw 10 of its levels.

You collected 467 gold pieces.


Innate Abilities, Weirdness & Mutations

You reflexively headbutt those who attack you in melee.
You have a pair of horns on your head.


   Skills:
 + Level 10.2 Fighting
 + Level 12.1 Axes
 + Level 9.9 Armour
 + Level 8.1 Dodging


You had 9 spell levels left.
You didn't know any spells.

Inventory:

Hand Weapons
 a - a +0 hand axe (weapon)
 d - a +2 whip of flaming
 u - a +0 flail of crushing
Armour
 v - a +0 chain mail of fire resistance (worn)
 x - a cursed +0 cloak (worn)
 y - a +0 pair of boots (worn)
Jewellery
 m - a ring of magical power (left hand)
 n - a ring of protection from magic (right hand)
 A - an uncursed amulet of harm {unknown}
 F - an uncursed ring of ice {unknown}
 H - an uncursed ring of protection from fire {unknown}
Scrolls
 f - 6 scrolls of immolation {unknown}
 g - 6 scrolls of identify {unknown}
 i - 6 scrolls of remove curse {unknown}
 l - 4 scrolls of amnesia {unknown}
 p - a scroll of enchant weapon {unknown}
 r - 3 scrolls of magic mapping {unknown}
 z - a scroll of fear {unknown}
Potions
 b - a potion of cancellation {unknown}
 e - 8 potions of curing {unknown}
 k - 2 potions of ambrosia {unknown}
 o - 2 potions of heal wounds {unknown}
 q - a potion of degeneration {unknown}
 s - a potion of berserk rage {unknown}
 t - a potion of lignification {unknown}
 B - 2 potions of haste {unknown}
 C - a potion of magic {unknown}
 D - a potion of agility {unknown}
 E - 2 potions of invisibility {unknown}
 G - a potion of resistance {unknown}
Comestibles
 c - 7 bread rations
 h - 4 royal jellies
 j - 3 meat rations
 w - 6 fruits
 I - 3 chunks of flesh

Dungeon Overview and Level Annotations

Branches:
Dungeon (9/15)             Temple (1/1) D:7            Lair (0/6) D:8
    Orc: D:9-12

Altars:
Ashenzari
Cheibriados
Dithmenos
Elyvilon
Fedhas
Gozag
Hepliaklqana
Kikubaaqudgha
Makhleb
Nemelex Xobeh
Okawaru
Qazlal
Ru
Sif Muna
Trog
Uskayaw
Vehumet
Xom
Yredelemnul
Zin
The Shining One

Shops:
D:5 }   D:6 [ D:8

[
▒▒▒▒▒..▒.▒.....▒.▒.▒▒.▒
▒....▒.▒▒▒.▒.▒.▒▒.▒
▒▒▒▒▒....▒.▒<▒.▒.▒.▒▒.▒
....▒....▒.▒.▒.▒.▒.▒▒.▒
▒▒▒.▒....▒.▒.▒.▒.▒.▒▒.▒▒
▒.▒...>.<............▒
▒.▒..▒.▒.▒...▒▒▒▒▒▒.▒▒
▒.▒........▒.g.......▒
▒.▒▒.▒...▒.▒.▒H▒▒...▒▒
▒..........))▒.▒....▒
▒..▒.▒▒▒▒▒▒.........▒
▒..▒.▒.......▒.▒▒▒..▒
▒..▒.▒.▒▒▒▒......▒..▒
▒..▒......▒[.....▒..▒
▒▒▒▒▒▒▒▒▒▒▒▒▒....<....▒
...............▒.▒▒▒▒.▒
▒▒▒▒▒▒▒▒▒▒▒▒..........▒


You could see a gnoll shaman.


Message History

The gnoll misses you.
You see here a wand of random effects (?/48).
The gnoll completely misses you. The gnoll shaman barely misses you.
The gnoll hits you but does no damage. The gnoll shaman closely misses you.
The gnoll hits you but does no damage.
There is an escape hatch in the ceiling here.
The gnoll barely misses you.
The gnoll shaman hits you but does no damage.
The gnoll hits you but does no damage. The gnoll closely misses you.
A mysterious force pulls you upwards. The hatch slams shut behind you.
Use which ability? (? or * to list)
Your skin crawls.
You feel resistant to hostile enchantments.
You are near starving!
You feel yourself speed up. The gnoll shaman misses you.
You furiously retaliate!
You headbutt the gnoll shaman. The gnoll shaman closely misses you.
You barely miss the gnoll shaman. Your headbutt misses the gnoll shaman.
The gnoll shaman is lightly wounded.
The gnoll shaman hits you with a whip of electrocution!
* * * LOW HITPOINT WARNING * * *
You are electrocuted!
You die...

Action                   |  1- 3 |  4- 6 |  7- 9 | 10-12 || total
-------------------------+-------+-------+-------+-------++-------
Melee: Hand axe          |    62 |   146 |   241 |   147 ||   596
       Headbutt          |    11 |    26 |    49 |    37 ||   123
Invok: Berserk           |     2 |     3 |     6 |     3 ||    14
       Trog's Hand       |       |     1 |     3 |     1 ||     5
       Burn Spellbooks   |       |       |     1 |       ||     1
 Stab: Sleeping          |       |     1 |       |       ||     1
  Eat: Chunk             |     2 |     6 |    11 |     8 ||    27
       Meat ration       |       |     1 |     1 |       ||     2
Armor: Animal skin       |    12 |    34 |     2 |       ||    48
       Ring mail         |       |       |     9 |       ||     9
       Chain mail        |       |       |    75 |    44 ||   119
Dodge: Dodged            |    52 |    95 |    77 |    52 ||   276

Vault maps used:
D:1:      dpeg_arrival_prison
D:2:      nicolae_overflow_crystal_walls, minmay_goblin_kobold_house,
          uniq_terence
D:3:      minmay_rat_hole
D:4:      lemuel_round_altar, okawaru_ov_weapons_minmay, uniq_purgy,
          uniq_edmund, uniq_pikel
D:5:      dancing_weapons_uskayaw, overflow_temple_1_default, first_bread,
          serial_shops, shop_statue, uniq_crazy_yiuf_cottage, uniq_sigmund,
          uniq_menkaure
D:6:      serial_shops, shop
D:7:      minmay_temple_entry_enclosed_plants
D:8:      overflow_temple_1_default, chequers_temple_overflow_statue_of_worship,
          lair_entry_dummy, serial_shops, nicolae_shop_crystal
D:9:      blue_anna_alchemist, kennysheep_small_circle
Temple:   nicolae_temple_god_jail

Notes
Turn   | Place    | Note
-------+----------+-------------------------------------------
     0 | D:1      | spacegravy the Minotaur Berserker began the quest for the Orb.
     0 | D:1      | Reached XP level 1. HP: 19/19 MP: 0/0
   239 | D:1      | Reached XP level 2. HP: 24/27 MP: 1/1
   256 | D:1      | Reached skill level 4 in Axes
   372 | D:1      | Reached skill level 4 in Fighting
   643 | D:1      | Reached XP level 3. HP: 29/33 MP: 2/2
  1034 | D:2      | Reached ** piety under Trog
  1107 | D:2      | Found a stormy altar of Qazlal.
  1114 | D:2      | Noticed Terence
  1125 | D:2      | Killed Terence
  1125 | D:2      | Reached skill level 3 in Armour
  1191 | D:2      | Reached XP level 4. HP: 36/40 MP: 3/3
  1574 | D:3      | Reached skill level 3 in Dodging
  1807 | D:3      | Reached skill level 5 in Axes
  2232 | D:3      | Reached XP level 5. HP: 42/47 MP: 4/4
  2234 | D:3      | Reached *** piety under Trog
  2740 | D:4      | Reached skill level 5 in Fighting
  2740 | D:4      | Reached XP level 6. HP: 13/56 MP: 5/5
  3047 | D:4      | Found an iron altar of Okawaru.
  3058 | D:4      | Reached skill level 6 in Axes
  3058 | D:4      | Reached skill level 4 in Armour
  3211 | D:4      | Noticed Purgy
  3224 | D:4      | Killed Purgy
  3473 | D:4      | Reached XP level 7. HP: 59/62 MP: 6/6
  3601 | D:4      | Noticed Pikel
  3620 | D:4      | Killed Pikel
  3620 | D:4      | Reached skill level 6 in Fighting
  3620 | D:4      | Reached skill level 8 in Axes
  3620 | D:4      | Reached skill level 5 in Armour
  3830 | D:4      | Reached XP level 8. HP: 62/71 MP: 7/7
  3938 | D:4      | Noticed Edmund
  3962 | D:4      | Killed Edmund
  4220 | D:4      | Found a burning altar of Makhleb.
  4315 | D:5      | Entered Level 5 of the Dungeon
  4315 | D:5      | Found a blossoming altar of Fedhas.
  4474 | D:5      | Found a hide-covered altar of Uskayaw.
  4474 | D:5      | Noticed a dagger
  4474 | D:5      | Noticed a hand axe
  4481 | D:5      | Found Xikong's Gadget Shoppe.
  4507 | D:5      | Reached skill level 6 in Armour
  4507 | D:5      | Reached skill level 4 in Dodging
  4535 | D:5      | Reached skill level 7 in Fighting
  4690 | D:5      | Found a runed door.
  4770 | D:5      | Noticed Menkaure
  4779 | D:5      | Killed Menkaure
  4779 | D:5      | Reached **** piety under Trog
  4779 | D:5      | Reached skill level 9 in Axes
  4964 | D:5      | Noticed Sigmund
  4972 | D:5      | Killed Sigmund
  5277 | D:5      | Noticed Crazy Yiuf
  5280 | D:5      | Killed Crazy Yiuf
  5406 | D:6      | Noticed a two-headed ogre
  5436 | D:6      | Killed a two-headed ogre
  5436 | D:6      | Reached skill level 10 in Axes
  5436 | D:6      | Reached skill level 7 in Armour
  5436 | D:6      | Reached skill level 5 in Dodging
  5436 | D:6      | Reached XP level 9. HP: 80/80 MP: 8/8
  5504 | D:6      | Found Yplawk's Antique Armour Boutique.
  5695 | D:6      | Reached skill level 8 in Fighting
  6521 | D:7      | Reached skill level 6 in Dodging
  6688 | D:7      | Reached skill level 8 in Armour
  6709 | D:7      | Reached skill level 11 in Axes
  6733 | D:7      | Found a staircase to the Ecumenical Temple.
  6747 | Temple   | Entered the Ecumenical Temple
  6847 | D:7      | Reached skill level 9 in Fighting
  6916 | D:7      | Reached ***** piety under Trog
  6950 | D:8      | Found a staircase to the Lair.
  6955 | D:8      | Noticed Inarius's ghost (novice DrAE)
  6973 | D:8      | Killed Inarius's ghost
  6973 | D:8      | Reached XP level 10. HP: 90/90 MP: 9/9
  7242 | D:8      | Reached skill level 7 in Dodging
  7250 | D:8      | Found a glowing golden altar of the Shining One.
  7252 | D:8      | Found an opulent altar of Gozag.
  7420 | D:8      | Noticed a two-headed ogre
  7428 | D:8      | Killed a two-headed ogre
  7428 | D:8      | Reached skill level 9 in Armour
  7576 | D:8      | Found Nyim's Armour Shop.
  7592 | D:8      | Found a basalt altar of Yredelemnul.
  8293 | D:9      | Noticed a two-headed ogre
  8304 | D:9      | Killed a two-headed ogre
  8304 | D:9      | Reached skill level 10 in Fighting
  8351 | D:9      | Reached skill level 12 in Axes
  8357 | D:9      | Reached skill level 8 in Dodging
  8393 | D:8      | Slain by a gnoll shaman

Vanquished Creatures
  3 two-headed ogres
  The ghost of Inarius the Zephyrmancer, a novice DrAE of Hepliaklqana (D:8)
  Pikel (D:4)
  A hippogriff (D:7)
  Sigmund (D:5)
  4 yaks (D:9)
  Menkaure (D:5)
  Edmund (D:4)
  A water moccasin (D:6)
  A slave (D:4)
  Purgy (D:4)
  An ice beast (D:7)
  An orc warrior (D:9)
  2 sky beasts
  A black bear (D:9)
  2 necrophages
  6 ogres
  5 bullfrogs
  A water moccasin skeleton (D:7)
  2 scorpions
  A howler monkey (D:7)
  3 crimson imps
  A quasit (D:9)
  3 hounds
  4 jellies
  Crazy Yiuf (D:5)
  2 orc priests
  A bullfrog skeleton (D:4)
  2 iguanas
  4 worker ants
  Terence (D:2)
  7 orc wizards
  A howler monkey zombie (D:5)
  A gnoll (D:9)
  2 howler monkey skeletons (D:5)
  8 adders
  2 shadow imps
  An ooze (D:2)
  An adder skeleton (D:5)
  A worm (D:4)
  4 dart slugs
  4 leopard geckos
  29 orcs
  9 bats
  11 giant cockroaches
  3 goblins
  8 hobgoblins
  5 jackals
  7 kobolds
  2 quokkas
  A ball python (D:2)
  5 frilled lizards
  A jackal zombie (D:6)
  A quokka skeleton (D:8)
  26 rats
200 creatures vanquished.

Vanquished Creatures (others)
  2 orcs (D:4)
  A frilled lizard (D:4)
3 creatures vanquished.

Grand Total: 203 creatures vanquished
